 Dungeon Crawl Stone Soup version 0.27.0-1-g7a089689b8 (webtiles) character file.

Game seed: 8385368563408572550

21 ZARRMARR the Chopper (level 2, -7/27 HPs)
             Began as a Hill Orc Monk on Aug 14, 2021.
             Mangled by Sigmund (10 damage)
             ... on level 2 of the Dungeon.
             The game lasted 00:04:41 (1139 turns).

ZARRMARR the Chopper (Hill Orc Monk)                Turns: 1139, Time: 00:04:41

Health: -7/27      AC:  3    Str: 13    XL:     2   Next: 83%
Magic:  2/2        EV: 12    Int: 10    God:
Gold:   64         SH:  0    Dex: 13    Spells: 1/1 levels left

rFire    . . .     SeeInvis .   a - +0 hand axe
rCold    . . .     Faith    .   (no shield)
rNeg     . . .     Spirit   .   b - +0 robe
rPois    .         Reflect  .   c - +1 hat
rElec    .         Harm     .   (no cloak)
rCorr    .         Rampage  .   (no gloves)
Will     .....                  (no boots)
Stlth    ++........             (no amulet)
HPRegen  0.09/turn              (no ring)
MPRegen  0.08/turn              (no ring)

@: no status effects
A: no striking features
a: no special abilities


You were on level 2 of the Dungeon.
You visited 1 branch of the dungeon, and saw 2 of its levels.

You collected 64 gold pieces.

Inventory:

Hand Weapons
 a - a +0 hand axe (weapon)
 e - a +0 morningstar
Armour
 b - a +0 robe (worn)
 c - a +1 hat (worn)
Potions
 f - a potion of heal wounds


   Skills:
 + Level 4.1 Fighting
 + Level 4.3 Axes
 + Level 2.7 Dodging
 + Level 1.6 Stealth


You had one spell level left.
You didn't know any spells.
Your spell library contained the following spells:

 Spells                   Type           Power      Damage    Failure   Level
 Foxfire                  Conj/Fire      0%         2x1d4     36%         1
 Shock                    Conj/Air       0%         1d3       36%         1
 Conjure Flame            Conj/Fire      0%         6-21      75%         3
 Inner Flame              Hex/Fire       0%         N/A       75%         3
 Swiftness                Air            0%         N/A       75%         3
 Airstrike                Air            0%         N/A       98%         4


Dungeon Overview and Level Annotations

Branches:
Dungeon (2/15)

Altars:

Annotations:
D:2 Sigmund


Message History

You throw a throwing net. The throwing net hits Sigmund.
Sigmund is caught in the net!
Sigmund is lightly wounded.
Sigmund struggles against the net.
You hit Sigmund.
Sigmund is lightly wounded.
Sigmund struggles against the net.
You hit Sigmund.
Sigmund is moderately wounded.
Sigmund struggles against the net.
You hit Sigmund.
Sigmund is heavily wounded.
Sigmund struggles against the net.
You hit Sigmund.
Sigmund is heavily wounded.
Sigmund gestures at you while chanting. You resist with significant effort.
Sigmund struggles against the net.
You hit Sigmund.
Sigmund is severely wounded.
You strike the helpless Sigmund from behind!
You hit Sigmund but do no damage.
Sigmund is severely wounded.
Sigmund screams, "Die, monster!"
Sigmund struggles against the net.
The net rips apart, and Sigmund comes free!
You hit Sigmund but do no damage.
Sigmund is severely wounded.
Sigmund hits you with a +0 scythe.
You hit Sigmund.
Sigmund is severely wounded.
Sigmund closely misses you.
You barely miss Sigmund.
Sigmund is severely wounded.
Sigmund casts a spell at you. The magic dart hits you.
* * * LOW HITPOINT WARNING * * *
You barely miss Sigmund.
Sigmund is severely wounded.
Sigmund hits you with a +0 scythe!
You die...

....l...#..##.#
...
........##.##.#
.... #.##..#.#
...@.
#.#...#.##......
#.#.............
#
#.#.....###.....
#.##.#.....# J..
#...@....#.# .
####@.#.##.#
#..#.##>.
#..#.#####
#######..#.#
.......<##.#
.#########.# #.#


You could see Sigmund.

Vanquished Creatures
  An adder (D:2)
  3 endoplasms (D:1)
  A goblin (D:1)
  A hobgoblin (D:1)
  A quokka (D:1)
  A bat (D:1)
  2 frilled lizards (D:1)
  A rat (D:1)
11 creatures vanquished.

Notes
Turn   | Place    | Note
-------+----------+-------------------------------------------
     0 | D:1      | ZARRMARR the Hill Orc Monk began the quest for the Orb.
     0 | D:1      | Reached XP level 1. HP: 19/19 MP: 1/1
   254 | D:1      | Found a faded altar of an unknown god.
   341 | D:1      | Reached XP level 2. HP: 22/27 MP: 2/2
  1031 | D:2      | Noticed Sigmund
  1139 | D:2      | Mangled by Sigmund

Illustrated notes

Levels and vault maps discovered:
D:1:      psy_arrival_statuary, layout_loops_ring,
          dreamdust_ecumenical_altar_statues, minmay_misc_feat_pillars
D:2:      layout_basic, basic_altar, uniq_sigmund, uniq_terence

Skill      XL: |  1  2 |
---------------+-------+-----
Fighting       | 4 |  4.1
Axes           | |  4.3
Dodging        | |  2.7
Stealth        | |  1.6

Action                   || total
-------------------------++-------
Melee: Hand axe          ||    48
Throw: Throwing net      ||     2
  Use: Scroll            ||     2
 Stab: Held in net/web   ||     1
Armor: Robe              ||     7
Dodge: Dodged            ||    18
